SOB
PANAMA CITY CAPITALES @ MONTEGO BAY REEFERS
12/08/1981
 
TOP OF THE 1ST
Panama City Capitales batting - Pitching for Montego Bay Reefers : RHP Roger McDowell
Pitching: RHP Roger McDowell
Batting: SHB Willie Wilson 0-0: Ball
1-0: Ground out 1-3 (Groundball, 34S, EV 68.8 MPH)
Batting: LHB Jessie Reid 0-0: Ball
1-0: Foul Ball, location: 2F
1-1: Swinging Strike
1-2: Ball
2-2: Ball
3-2: Base on Balls
Batting: RHB David Hall 0-0: Ball
1-0: Fielders Choice at 2nd, 6-4 (Groundball, 6S, EV 76.9 MPH)
Batting: RHB Armando Moreno 0-0: Called Strike
0-1: Ball
Wild Pitch!
David Hall to second
1-1: Called Strike
1-2: Ball
2-2: Foul Ball, location: 2F
2-2: Strikes out swinging
Top of the 1st over - 0 runs, 0 hits, 0 errors, 1 left on base; Panama City 0 - Montego Bay 0
BOTTOM OF THE 1ST
Montego Bay Reefers batting - Pitching for Panama City Capitales : LHP Chuck Dougherty
Pitching: LHP Chuck Dougherty
Batting: LHB Dion James 0-0: Called Strike
0-1: Ball
1-1: Fly out, F6 (Popup, 6MS, EV 80.0 MPH)
Batting: RHB Darryl Motley 0-0: Called Strike
0-1: Fly out, F8 (Line Drive, 8RD, EV 85.0 MPH)
Batting: RHB Jim Presley 0-0: Called Strike
0-1: Called Strike
0-2: Ball
1-2: DOUBLE (Flyball, 78XD, EV 100.0 MPH)
Batting: SHB Mickey Tettleton 0-0: Ball
1-0: Ball
2-0: Ball
3-0: Called Strike
3-1: Base on Balls
Batting: RHB Alvaro Espinoza 0-0: Swinging Strike
0-1: Fielders Choice at 2nd, 5-4 (Groundball, 5, EV 85.6 MPH)
Bottom of the 1st over - 0 runs, 1 hit, 0 errors, 2 left on base; Panama City 0 - Montego Bay 0
TOP OF THE 2ND
Panama City Capitales batting - Pitching for Montego Bay Reefers : RHP Roger McDowell
Batting: RHB Pedro Guerrero 0-0: Called Strike
0-1: Fly out, F9 (Flyball, 9, EV 87.5 MPH)
Batting: LHB Preston Cash 0-0: Foul Ball, location: 2F
0-1: Foul Ball, location: 2F
0-2: Ball
1-2: Ball
2-2: Foul Ball, location: 2F
2-2: Ball
3-2: SOLO HOME RUN (Flyball, 89XD, EV 95.6 MPH), Distance : 442 ft
Batting: RHB Rod Allen 0-0: Called Strike
0-1: DOUBLE (Line Drive, 8RXD, EV 98.1 MPH)
Batting: LHB Stephen DeMatties 0-0: Called Strike
Rod Allen steals 3rd base
0-1: Called Strike
0-2: Ball
1-2: Ball
2-2: Ball
3-2: Base on Balls
Batting: SHB Curt Wilkerson 0-0: Called Strike
0-1: Ball
1-1: Fly out, F6 (Popup, 6S, EV 70.6 MPH)
Batting: SHB Willie Wilson 0-0: Called Strike
0-1: Ball
1-1: Ball
2-1: Called Strike
2-2: Foul Ball, location: 2F
2-2: Fly out, F8 (Flyball, 8LS, EV 88.8 MPH)
Top of the 2nd over - 1 run, 2 hits, 0 errors, 2 left on base; Panama City 1 - Montego Bay 0
BOTTOM OF THE 2ND
Montego Bay Reefers batting - Pitching for Panama City Capitales : LHP Chuck Dougherty
Batting: LHB Alex Castaneda 0-0: Called Strike
0-1: Ball
1-1: Swinging Strike
1-2: SINGLE (Groundball, 13S, EV 66.9 MPH) (infield hit)
Batting: RHB Al Pedrique 0-0: Grounds into double play, 4-6-3 (Groundball, 4, EV 85.6 MPH)
Batting: LHB Matt Hall 0-0: Ball
1-0: Foul Ball, location: 2F
1-1: Foul Ball, location: 2F
1-2: Strikes out swinging
Bottom of the 2nd over - 0 runs, 1 hit, 0 errors, 0 left on base; Panama City 1 - Montego Bay 0
TOP OF THE 3RD
Panama City Capitales batting - Pitching for Montego Bay Reefers : RHP Roger McDowell
Batting: LHB Jessie Reid 0-0: Swinging Strike
0-1: Ground out 6-3 (Groundball, 6M, EV 89.4 MPH)
Batting: RHB David Hall 0-0: Ball
1-0: Ball
2-0: Ball
3-0: Foul Ball, location: 2F
3-1: Foul Ball, location: 2F
3-2: Foul Ball, location: 2F
3-2: DOUBLE (Flyball, 89XD, EV 96.3 MPH)
Batting: RHB Armando Moreno 0-0: Called Strike
0-1: Called Strike
0-2: Ball
1-2: Fly out, F8 (Flyball, 89S, EV 93.1 MPH)
Batting: RHB Pedro Guerrero 0-0: Ball
1-0: Called Strike
1-1: Ball
2-1: Ground out 5-3 (Groundball, 56S, EV 83.1 MPH)
Top of the 3rd over - 0 runs, 1 hit, 0 errors, 1 left on base; Panama City 1 - Montego Bay 0
BOTTOM OF THE 3RD
Montego Bay Reefers batting - Pitching for Panama City Capitales : LHP Chuck Dougherty
Batting: SHB Manny Galvez 0-0: Ball
1-0: Called Strike
1-1: Foul Ball, location: 2F
1-2: Fly out, F9 (Flyball, 89D, EV 99.4 MPH)
Batting: LHB Dion James 0-0: Fly out, F7 (Flyball, 7S, EV 76.3 MPH)
Batting: RHB Darryl Motley 0-0: Called Strike
0-1: Ball
1-1: Ball
2-1: Called Strike
2-2: Ball
3-2: Foul Ball, location: 2F
3-2: Base on Balls
Batting: RHB Jim Presley 0-0: Ball
1-0: Ball
2-0: Ball
3-0: Called Strike
3-1: Called Strike
3-2: Foul Ball, location: 2F
3-2: Ground out 4-3 (Groundball, 34, EV 83.8 MPH)
Bottom of the 3rd over - 0 runs, 0 hits, 0 errors, 1 left on base; Panama City 1 - Montego Bay 0
TOP OF THE 4TH
Panama City Capitales batting - Pitching for Montego Bay Reefers : RHP Roger McDowell
Batting: LHB Preston Cash 0-0: Foul Ball, location: 2F
0-1: Foul Ball, location: 2F
0-2: Ball
1-2: Ball
2-2: Fly out, F7 (Flyball, 7D, EV 108.1 MPH)
Batting: RHB Rod Allen 0-0: Ball
1-0: SINGLE (Groundball, 6MD, EV 95.0 MPH)
Batting: LHB Stephen DeMatties 0-0: Ball
1-0: Ball
Rod Allen steals 2nd base (no throw)
2-0: Called Strike
2-1: Ball
3-1: Base on Balls
Batting: SHB Curt Wilkerson 0-0: Called Strike
0-1: Ball
1-1: Grounds into double play, 6-4-3 (Groundball, 6, EV 95.0 MPH)
Top of the 4th over - 0 runs, 1 hit, 0 errors, 1 left on base; Panama City 1 - Montego Bay 0
BOTTOM OF THE 4TH
Montego Bay Reefers batting - Pitching for Panama City Capitales : LHP Chuck Dougherty
Batting: SHB Mickey Tettleton 0-0: Called Strike
0-1: Called Strike
0-2: Fly out, F8 (Flyball, 8RS, EV 79.4 MPH)
Batting: RHB Alvaro Espinoza 0-0: Swinging Strike
0-1: Called Strike
0-2: Foul Ball, location: 2F
0-2: Ball
1-2: Ball
2-2: Fly out, F8 (Line Drive, 8LM, EV 86.3 MPH)
Batting: LHB Alex Castaneda 0-0: Ball
1-0: Ball
2-0: Ball
3-0: Called Strike
3-1: Base on Balls
Batting: RHB Al Pedrique 0-0: Ball
1-0: Ball
2-0: Called Strike
2-1: Ball
3-1: Fielders Choice at 2nd, 6-4 (Groundball, 6, EV 79.4 MPH)
Bottom of the 4th over - 0 runs, 0 hits, 0 errors, 1 left on base; Panama City 1 - Montego Bay 0
TOP OF THE 5TH
Panama City Capitales batting - Pitching for Montego Bay Reefers : RHP Roger McDowell
Batting: SHB Willie Wilson 0-0: Hit by Pitch
Batting: LHB Jessie Reid 0-0: Ball
1-0: Called Strike
1-1: Ball
Willie Wilson steals 2nd base
2-1: Foul Ball, location: 2F
2-2: Ground out 6-3 (Groundball, 6, EV 81.3 MPH)
Willie Wilson to third
Pitching: LHP Ken Dayley
Batting: RHB David Hall 0-0: Ball
1-0: Called Strike
1-1: Ball
2-1: Ball
3-1: Base on Balls
Batting: RHB Armando Moreno 0-0: Ball
1-0: Called Strike
1-1: Ball
2-1: Ball
3-1: Base on Balls
David Hall to second
Batting: RHB Pedro Guerrero 0-0: Called Strike
0-1: Ball
1-1: SINGLE (Line Drive, 7S, EV 95.0 MPH)
Willie Wilson scores
David Hall to third
Armando Moreno to second
Runner from 3rd tries for Home, SAFE, throw by LF to home
Batting: LHB Preston Cash 0-0: Called Strike
0-1: Swinging Strike
0-2: Ball
1-2: Strikes out swinging
Batting: RHB Rod Allen 0-0: Ball
1-0: Ball
Wild Pitch!
Armando Moreno to third
Pedro Guerrero to second
2-0: Called Strike
2-1: Called Strike
2-2: Strikes out swinging
Top of the 5th over - 2 runs, 1 hit, 0 errors, 2 left on base; Panama City 3 - Montego Bay 0
BOTTOM OF THE 5TH
Montego Bay Reefers batting - Pitching for Panama City Capitales : LHP Chuck Dougherty
Batting: LHB Matt Hall 0-0: Ball
1-0: Foul Ball, location: 2F
1-1: Called Strike
1-2: Ball
2-2: Foul Ball, location: 2F
2-2: Foul Ball, location: 2F
2-2: Ground out 3-1 (Groundball, 34S, EV 84.4 MPH)
Batting: SHB Manny Galvez 0-0: Ground out 4-3 (Groundball, 4, EV 86.9 MPH)
Batting: LHB Dion James 0-0: Ball
1-0: Ground out 1-3 (Groundball, 13, EV 70.6 MPH)
Bottom of the 5th over - 0 runs, 0 hits, 0 errors, 0 left on base; Panama City 3 - Montego Bay 0
TOP OF THE 6TH
Panama City Capitales batting - Pitching for Montego Bay Reefers : LHP Ken Dayley
Batting: LHB Stephen DeMatties 0-0: Foul Ball, location: 2F
0-1: Ball
1-1: Foul Ball, location: 2F
1-2: Strikes out swinging
Batting: SHB Curt Wilkerson 0-0: Ball
1-0: Ball
2-0: Ball
3-0: Called Strike
3-1: Base on Balls
Batting: SHB Willie Wilson 0-0: DOUBLE (Groundball, 5L, EV 107.5 MPH)
Curt Wilkerson to third
Batting: LHB Jessie Reid 0-0: Foul Ball, location: 2F
0-1: Ball
1-1: Called Strike
1-2: Foul Ball, location: 2F
1-2: Ball
2-2: Strikes out looking
Batting: RHB David Hall 0-0: Ball
1-0: Called Strike
1-1: Ball
2-1: Ball
3-1: Foul Ball, location: 2F
3-2: Base on Balls
Batting: RHB Armando Moreno 0-0: Ground out 1-3 (Groundball, 15, EV 75.0 MPH)
Top of the 6th over - 0 runs, 1 hit, 0 errors, 3 left on base; Panama City 3 - Montego Bay 0
BOTTOM OF THE 6TH
Montego Bay Reefers batting - Pitching for Panama City Capitales : LHP Chuck Dougherty
Batting: RHB Darryl Motley 0-0: Called Strike
0-1: Called Strike
0-2: Ball
1-2: Foul Ball, location: 2F
1-2: Foul Ball, location: 2F
1-2: Strikes out swinging
Batting: RHB Jim Presley 0-0: Ball
1-0: Ball
2-0: Ball
3-0: Called Strike
3-1: Ground out U3 (Groundball, 3L, EV 93.8 MPH)
Batting: SHB Mickey Tettleton 0-0: Ball
1-0: Called Strike
1-1: Foul Ball, location: 2F
1-2: Ball
2-2: Ball
3-2: Base on Balls
Batting: RHB Alvaro Espinoza 0-0: Ball
1-0: Ball
2-0: Foul Ball, location: 2F
2-1: Swinging Strike
2-2: Foul Ball, location: 2F
2-2: Fly out, F5 (Popup, 56, EV 60.6 MPH)
Bottom of the 6th over - 0 runs, 0 hits, 0 errors, 1 left on base; Panama City 3 - Montego Bay 0
TOP OF THE 7TH
Panama City Capitales batting - Pitching for Montego Bay Reefers : LHP Ken Dayley
Batting: RHB Pedro Guerrero 0-0: Called Strike
0-1: Foul Ball, location: 2F
0-2: Ball
1-2: SINGLE (Line Drive, 56D, EV 95.6 MPH)
Pitching: LHP Juan Valdez
Batting: LHB Preston Cash 0-0: Ball
1-0: Foul Ball, location: 2F
1-1: Foul Ball, location: 2F
1-2: Strikes out swinging
Batting: RHB Rod Allen 0-0: Called Strike
0-1: Ball
1-1: Foul Ball, location: 2F
1-2: Ball
2-2: Ground out 6-3 (Groundball, P, EV 76.9 MPH)
Pedro Guerrero to second
Batting: LHB Stephen DeMatties 0-0: Called Strike
0-1: Ball
1-1: Fly out, F9 (Flyball, 9LM, EV 92.5 MPH)
Top of the 7th over - 0 runs, 1 hit, 0 errors, 1 left on base; Panama City 3 - Montego Bay 0
BOTTOM OF THE 7TH
Montego Bay Reefers batting - Pitching for Panama City Capitales : LHP Chuck Dougherty
Batting: LHB Alex Castaneda 0-0: Ball
1-0: Ball
2-0: Ball
3-0: Base on Balls
Batting: RHB Al Pedrique 0-0: Swinging Strike
0-1: Swinging Strike
0-2: Strikes out swinging
Batting: LHB Matt Hall 0-0: Ball
1-0: Foul Ball, location: 2F
1-1: SINGLE (Groundball, 34D, EV 103.1 MPH)
Alex Castaneda to second
Runner from 2nd tries for 3rd, SAFE, no throw by RF
Batting: SHB Manny Galvez 0-0: Called Strike
0-1: Ball
1-1: Ball
2-1: Called Strike
2-2: DOUBLE (Groundball, 3D, EV 97.5 MPH)
Alex Castaneda scores
Matt Hall to third
Runner from 3rd tries for Home, SAFE, throw by RF to home
Pinch Hitting: RHB Brook Jacoby 0-0: Swinging Strike
0-1: Ball
1-1: Swinging Strike
1-2: Ball
2-2: Ball
3-2: Strikes out looking
Batting: RHB Darryl Motley 0-0: Ground out 6-3 (Groundball, 6S, EV 90.0 MPH)
Bottom of the 7th over - 2 runs, 2 hits, 0 errors, 1 left on base; Panama City 3 - Montego Bay 2
TOP OF THE 8TH
Panama City Capitales batting - Pitching for Montego Bay Reefers : LHP Juan Valdez
Pitching: RHP Geoff Combe
Now at 3B: Brook Jacoby
Batting: SHB Curt Wilkerson 0-0: Ball
1-0: Foul Ball, location: 2F
1-1: Ball
2-1: Ball
3-1: Fly out, F8 (Line Drive, 8RM, EV 93.8 MPH)
Batting: SHB Willie Wilson 0-0: Foul Ball, location: 2F
0-1: Foul Ball, location: 2F
0-2: Ball
1-2: Ball
2-2: Ball
3-2: Strikes out swinging
Batting: LHB Jessie Reid 0-0: Foul Ball, location: 2F
0-1: Ball
1-1: Called Strike
1-2: Strikes out swinging
Top of the 8th over - 0 runs, 0 hits, 0 errors, 0 left on base; Panama City 3 - Montego Bay 2
BOTTOM OF THE 8TH
Montego Bay Reefers batting - Pitching for Panama City Capitales : LHP Chuck Dougherty
Pitching: LHP Jose Paz
Batting: RHB Jim Presley 0-0: Called Strike
0-1: Ball
1-1: Ball
2-1: SINGLE (Groundball, 56, EV 77.5 MPH) (infield hit)
Batting: SHB Mickey Tettleton 0-0: Called Strike
0-1: Ball
1-1: Ball
2-1: Called Strike
2-2: Strikes out looking
Batting: RHB Alvaro Espinoza 0-0: Swinging Strike
0-1: Ball
1-1: Ball
2-1: Grounds into double play, 6-4-3 (Groundball, 56, EV 99.4 MPH)
Bottom of the 8th over - 0 runs, 1 hit, 0 errors, 0 left on base; Panama City 3 - Montego Bay 2
TOP OF THE 9TH
Panama City Capitales batting - Pitching for Montego Bay Reefers : RHP Geoff Combe
Batting: RHB David Hall 0-0: Ball
1-0: Ball
2-0: Ball
3-0: Base on Balls
Pitching: LHP Scott Bailes
Batting: RHB Armando Moreno 0-0: Ball
1-0: Ball
2-0: Ball
3-0: Base on Balls
David Hall to second
Batting: RHB Pedro Guerrero 0-0: Called Strike
0-1: Ball
1-1: Called Strike
1-2: Fly out, F9 (Line Drive, 9, EV 89.4 MPH)
Batting: LHB Preston Cash 0-0: Called Strike
0-1: Ball
1-1: Grounds into double play, U6-3 (Groundball, 4MS, EV 85.6 MPH)
Top of the 9th over - 0 runs, 0 hits, 0 errors, 1 left on base; Panama City 3 - Montego Bay 2
BOTTOM OF THE 9TH
Montego Bay Reefers batting - Pitching for Panama City Capitales : LHP Jose Paz
Now at 1B: Tony Ramirez
Now at 3B: Jordan Medrano
Now in RF: Gary Holden
Batting: RHB Barry Lyons 0-0: Ball
1-0: Called Strike
1-1: Ball
2-1: Ball
3-1: Foul Ball, location: 2F
3-2: Base on Balls
Batting: RHB Al Pedrique 0-0: Called Strike
0-1: Grounds out, U3 (Groundball, 3L, EV 107.5 MPH)
Batting: LHB Matt Hall 0-0: Ball
1-0: Ball
2-0: Ball
3-0: Called Strike
3-1: Foul Ball, location: 2F
3-2: Base on Balls
Batting: SHB Manny Galvez 0-0: Ball
1-0: Fielders Choice at 2nd, 1-6 (Groundball, 34S, EV 64.4 MPH)
Barry Lyons to third
Batting: RHB Brook Jacoby 0-0: Swinging Strike
0-1: Ball
1-1: Ball
2-1: Foul Ball, location: 2F
2-2: SINGLE (Groundball, 56D, EV 107.5 MPH)
Barry Lyons scores
Manny Galvez to second
Batting: RHB Darryl Motley 0-0: Ball
1-0: Called Strike
1-1: Fielders Choice at 2nd, 5-4 (Groundball, 5, EV 83.8 MPH)
Bottom of the 9th over - 1 run, 1 hit, 0 errors, 2 left on base; Panama City 3 - Montego Bay 3
TOP OF THE 10TH
Panama City Capitales batting - Pitching for Montego Bay Reefers : LHP Scott Bailes
Batting: RHB Rod Allen 0-0: Ball
1-0: Swinging Strike
1-1: Ground out 3-1 (Groundball, 34S, EV 91.3 MPH)
Pinch Hitting: SHB Mark Bailey 0-0: Ball
1-0: Ball
2-0: Foul Ball, location: 2F
2-1: Foul Ball, location: 2F
2-2: Foul Ball, location: 2F
2-2: Ball
3-2: Reached on error, E6 (Groundball, 56, EV 82.5 MPH)
Batting: SHB Curt Wilkerson 0-0: Ball
1-0: Called Strike
1-1: Ball
2-1: Ball
3-1: Swinging Strike
3-2: Strikes out swinging
Mark Bailey is caught stealing 2nd base 2-4
Batter strikes out.
Top of the 10th over - 0 runs, 0 hits, 1 error, 0 left on base; Panama City 3 - Montego Bay 3
BOTTOM OF THE 10TH
Montego Bay Reefers batting - Pitching for Panama City Capitales : LHP Jose Paz
Pitching: RHP Joe Cowley
Now at C: Mark Bailey
Batting: RHB Jim Presley 0-0: Fly out, F9 (Flyball, 89M, EV 95.6 MPH)
Batting: SHB Mickey Tettleton 0-0: Ball
1-0: Ball
2-0: Ball
3-0: Base on Balls
Batting: RHB Alvaro Espinoza 0-0: Called Strike
0-1: Ball
1-1: Fly out, F8 (Flyball, 8RS, EV 86.3 MPH)
Batting: RHB Barry Lyons 0-0: Ball
1-0: Ball
2-0: Ball
3-0: Swinging Strike
3-1: Fly out, F7 (Flyball, 7, EV 86.9 MPH)
Bottom of the 10th over - 0 runs, 0 hits, 0 errors, 1 left on base; Panama City 3 - Montego Bay 3
TOP OF THE 11TH
Panama City Capitales batting - Pitching for Montego Bay Reefers : LHP Scott Bailes
Pitching: RHP Jorge Solano
Batting: LHB Tony Ramirez 0-0: Ball
1-0: Foul Ball, location: 2F
1-1: Ball
2-1: Foul Ball, location: 2F
2-2: Ground out 5-3 (Groundball, 5, EV 91.3 MPH)
Batting: LHB Jessie Reid 0-0: Ball
1-0: Called Strike
1-1: Called Strike
1-2: Ball
2-2: Foul Ball, location: 2F
2-2: Strikes out swinging
Batting: LHB Jordan Medrano 0-0: Ball
1-0: Swinging Strike
1-1: Swinging Strike
1-2: Foul Ball, location: 2F
1-2: Ball
2-2: Strikes out swinging
Top of the 11th over - 0 runs, 0 hits, 0 errors, 0 left on base; Panama City 3 - Montego Bay 3
BOTTOM OF THE 11TH
Montego Bay Reefers batting - Pitching for Panama City Capitales : RHP Joe Cowley
Batting: RHB Al Pedrique 0-0: Fly out, F3 (Popup, 34, EV 74.4 MPH)
Batting: LHB Matt Hall 0-0: Ball
1-0: Ball
2-0: Foul Ball, location: 2F
2-1: Ball
3-1: Foul Ball, location: 2F
3-2: DOUBLE (Line Drive, 78D, EV 111.3 MPH)
Batting: SHB Manny Galvez 0-0: Ball
1-0: Ground out 3-1 (Groundball, 23, EV 80.6 MPH)
Matt Hall to third
Batting: RHB Brook Jacoby 0-0: Intentional Walk
Batting: RHB Darryl Motley 0-0: SINGLE (Groundball, 6D, EV 95.6 MPH)
Matt Hall scores
Bottom of the 11th over - 1 run, 2 hits, 0 errors, 0 left on base; Panama City 3 - Montego Bay 4
Thursday, June 25th, 2020 - OOTP Baseball 21.4 Build 63